[Event "Titled Tuesday Blitz June 6 Early 2023"]
[White "Svicevic, Rastko"]
[Black "Ismayil, Malak"]
[WhiteFideId "916315"]
[BlackFideId "13412604"]
[WhiteElo "2123"]
[BlackElo "1868"]
[Result "0-1"]
[Round "3"]
[TimeControl "180+2"]
[Date "2023.06.06"]
[WhiteClock "0:00:01"]
[BlackClock "0:00:34"]
[Board "174"]

1. e4 e5 2. Nf3 Nc6 3. Nc3 Nf6 4. h3 Be7 5. d4 d6 6. d5 Nb8 7. b4 O-O 8. Bd3 h6 9. Be3 a5 10. a3 Na6 11. b5 Nb8 12. b6 cxb6 13. Rb1 Nbd7 14. Na4 Qc7 15. O-O Nc5 16. Nxb6 Rb8 17. Bxc5 Qxc5 18. Rb5 Qc7 19. Qd2 Bd7 20. Rb2 a4 21. Rfb1 Nh5 22. Nxd7 Qxd7 23. Bb5 Qc7 24. Bxa4 Nf4 25. Bb5 f5 26. Bd3 fxe4 27. Bxe4 Qc4 28. Rb4 Qc8 29. c4 Bd8 30. Rb5 b6 31. R1b4 Ra8 32. a4 Bc7 33. Ne1 Qd8 34. Nd3 Qg5 35. Nxf4 Rxf4 36. Qe3 Raf8 37. Rb2 Rxf2 38. Qxg5 Rf1+ 39. Kh2 hxg5 40. Rb1 Rxb1 41. Rxb1 Rf4 42. Re1 Rf2 43. Kg3 Ra2 44. Kg4 Rxa4 45. Rc1 Bd8 46. Kf5 Kf7 47. Bf3 Ra2 0-1


[Site "https://www.chess.com"]

[Event "Titled Tuesday Blitz June 6 Early 2023"]
[White "Toncheva, Nadya"]
[Black "Levitan, Caleb Levi"]
[WhiteFideId "2924056"]
[BlackFideId "14332620"]
[WhiteElo "2101"]
[BlackElo "1963"]
[Result "0-1"]
[Round "3"]
[TimeControl "180+2"]
[Date "2023.06.06"]
[WhiteClock "0:00:05"]
[BlackClock "0:00:11"]
[Board "175"]

1. d4 d5 2. Nf3 Nf6 3. c3 e6 4. Bf4 c5 5. e3 Nc6 6. Bd3 Be7 7. Nbd2 O-O 8. h4 h6 9. Ne5 Nxe5 10. dxe5 Nd7 11. Qg4 Kh8 12. Bxh6 gxh6 13. Qh5 Kg7 14. Rh3 Rh8 15. Rg3+ Kf8 16. Qg4 Ke8 17. Qg7 Rf8 18. Rf3 Qc7 19. Bb5 a6 20. Bxd7+ Bxd7 21. O-O-O b5 22. Nf1 b4 23. Ng3 bxc3 24. Nh5 Qb6 25. bxc3 Rb8 26. Kd2 Qb2+ 27. Ke1 Qxc3+ 28. Kf1 Qc2 29. Re1 Rb1 30. Rxb1 Qxb1+ 31. Ke2 Qc2+ 32. Ke1 Qc1+ 33. Ke2 Bb5# 0-1


[Site "https://www.chess.com"]

[Event "Titled Tuesday Blitz June 6 Early 2023"]
[White "Sailer, Mike"]
[Black "Mrithyunjay Mahadevan"]
[WhiteFideId "2012901"]
[BlackFideId "45003521"]
[WhiteElo "2109"]
[BlackElo "1626"]
[Result "0-1"]
[Round "3"]
[TimeControl "180+2"]
[Date "2023.06.06"]
[WhiteClock "0:00:04"]
[BlackClock "0:01:29"]
[Board "176"]

1. d4 Nf6 2. Bg5 d5 3. Bxf6 gxf6 4. e3 c5 5. c4 cxd4 6. Qxd4 Qa5+ 7. Nc3 dxc4 8. Bxc4 Nc6 9. Qh4 Qb4 10. Bxf7+ Kxf7 11. Qh5+ Kg8 12. O-O-O Be6 13. Nf3 Bf7 14. Qh3 h5 15. Nd4 Nxd4 16. Rxd4 Qb6 17. Rhd1 Bg7 18. Rd7 Be6 19. Qg3 h4 20. Qf4 Bxd7 21. Rxd7 Qe6 22. Rxb7 Rh5 23. Qc7 Bf8 24. Kb1 Rg5 25. g3 hxg3 26. hxg3 Rh5 27. Rxa7 Rxa7 28. Qxa7 Qf5+ 29. Kc1 Rh1+ 30. Kd2 Qxf2+ 31. Kd3 Qf5+ 0-1


[Site "https://www.chess.com"]

[Event "Titled Tuesday Blitz June 6 Early 2023"]
[White "Kokoszczynski, Jan"]
[Black "agvania123"]
[WhiteFideId "1174460"]
[WhiteElo "2139"]
[BlackElo "2232"]
[Result "1/2-1/2"]
[Round "3"]
[TimeControl "180+2"]
[Date "2023.06.06"]
[WhiteClock "0:00:13"]
[BlackClock "0:00:14"]
[Board "177"]

1. Nf3 Nf6 2. e3 e6 3. c4 b6 4. b3 Bb7 5. Bb2 Be7 6. Nc3 O-O 7. Qc2 c5 8. Be2 d5 9. cxd5 Nxd5 10. a3 Nf6 11. O-O Nc6 12. Rfd1 Rc8 13. Rac1 a6 14. Qb1 Qc7 15. d3 Rfd8 16. Rd2 Rd7 17. Rcd1 Rcd8 18. Qa1 Qb8 19. Na4 Qa7 20. d4 b5 21. Nxc5 Bxc5 22. dxc5 Rxd2 23. Rxd2 Rxd2 24. Nxd2 Qxc5 25. Bxf6 gxf6 26. Qxf6 Qc1+ 27. Nf1 Qxa3 28. h4 Qe7 29. Qf4 e5 30. Qg4+ Kf8 31. Ng3 Qe6 32. Qe4 Nd8 33. Qxh7 Qxb3 34. h5 Qd5 35. Bf3 Qe6 36. Nf5 Qf6 37. Bxb7 Nxb7 38. h6 Nd6 39. Ng3 b4 40. Nh5 Qg6 41. Qxg6 fxg6 42. h7 Nf7 43. Nf6 b3 44. Ne4 b2 45. Nc3 Kg7 46. Kf1 Nd6 47. Ke2 Nb5 48. Nb1 a5 49. Kd3 a4 50. Kc4 a3 51. Kb3 Kxh7 52. Ka2 Kg7 53. Nxa3 Nxa3 54. Kxb2 Nc4+ 55. Kc3 Nd6 56. Kd3 Kf6 57. Ke2 Kf5 58. f3 e4 59. Kf2 exf3 60. gxf3 g5 61. Kg3 Nc4 62. f4 g4 63. e4+ Kxe4 64. Kxg4 Ne3+ 65. Kg5 Nf5 66. Kh5 Ne3 67. Kg6 Nf5 68. Kf6 Ne3 69. f5 Nxf5 1/2-1/2


[Site "https://www.chess.com"]

[Event "Titled Tuesday Blitz June 6 Early 2023"]
[White "le-castor-faineant"]
[Black "Bettalli, Francesco"]
[BlackFideId "2816453"]
[WhiteElo "2231"]
[BlackElo "2216"]
[Result "0-1"]
[Round "3"]
[TimeControl "180+2"]
[Date "2023.06.06"]
[WhiteClock "0:00:03"]
[BlackClock "0:00:36"]
[Board "178"]

1. e4 g6 2. d4 Bg7 3. Nf3 c6 4. Bd3 d6 5. c3 Nd7 6. O-O Ngf6 7. Bg5 O-O 8. Nbd2 Qc7 9. Qe2 e5 10. Rfe1 b6 11. a4 a5 12. Nc4 Re8 13. h3 h6 14. Bh4 Nh5 15. Qc2 g5 16. Bg3 Nxg3 17. fxg3 Ba6 18. Ne3 Nf6 19. Bxa6 Rxa6 20. dxe5 dxe5 21. Nf5 Raa8 22. Rad1 Rad8 23. Rd2 Rxd2 24. Nxd2 Bf8 25. Nc4 b5 26. axb5 cxb5 27. Nce3 Kh7 28. Nd5 Qc5+ 29. Kh1 Re6 30. Rd1 Nh5 31. g4 Nf4 32. Nxf4 exf4 33. Rd5 Qc4 34. Rd4 Qf1+ 35. Kh2 Bc5 36. e5 Rg6 37. Qd1 Qxd1 38. Rxd1 Re6 39. Rd5 Rc6 40. b4 axb4 41. cxb4 Bxb4 42. Rxb5 Bc3 43. Rb7 Bxe5 44. Rxf7+ Kg6 45. Ne7+ Kxf7 46. Nxc6 Bc3 47. Na7 Ke6 48. Nb5 Bb2 49. Nc7+ Kd6 50. Na6 Bc3 51. h4 Kc6 52. hxg5 hxg5 53. Nb8+ Kc7 54. Na6+ Kb6 55. Nb8 Bd4 56. Nd7+ Kc6 57. Nf8 Bf6 0-1


[Site "https://www.chess.com"]

[Event "Titled Tuesday Blitz June 6 Early 2023"]
[White "mohsengabr2002"]
[Black "Szyszylo, Rafal"]
[BlackFideId "1109626"]
[WhiteElo "2231"]
[BlackElo "1951"]
[Result "0-1"]
[Round "3"]
[TimeControl "180+2"]
[Date "2023.06.06"]
[WhiteClock "0:01:29"]
[BlackClock "0:00:57"]
[Board "179"]

1. e4 d6 2. d3 Nf6 3. Nd2 e5 4. g3 g6 5. Bg2 Bg7 6. Ngf3 O-O 7. O-O Nc6 8. h3 Bd7 9. Re1 Ne8 10. c3 f5 11. exf5 gxf5 12. Nh4 f4 13. Ne4 Nf6 14. Nxf6+ Bxf6 15. Nf3 Qc8 16. g4 h5 17. Nh2 Kh8 18. Be4 Rg8 19. f3 Bh4 20. Re2 Qf8 21. d4 Qf6 22. Qd3 exd4 23. Bd2 Ne5 24. Qc2 hxg4 25. Nxg4 Bxg4 26. hxg4 d3 27. Qd1 dxe2 28. Qxe2 c6 29. Qh2 Kg7 30. Bxf4 Rh8 31. Kg2 Bg5 32. Bxe5 Rxh2+ 33. Bxh2 d5 34. Bf5 Re8 35. Bd3 Bf4 36. Bg1 Qh4 37. Bd4+ Kg8 38. Rf1 Qg3+ 39. Kh1 Qh2# 0-1


[Site "https://www.chess.com"]

[Event "Titled Tuesday Blitz June 6 Early 2023"]
[White "Barbot, Pierre"]
[Black "Clawitter, Craig"]
[WhiteFideId "663727"]
[BlackFideId "2023105"]
[WhiteElo "2431"]
[BlackElo "2222"]
[Result "0-1"]
[Round "3"]
[TimeControl "180+2"]
[Date "2023.06.06"]
[WhiteClock "0:00:01"]
[BlackClock "0:00:05"]
[Board "180"]

1. d4 e6 2. Nf3 Nf6 3. Bf4 b6 4. e3 Bb7 5. Nbd2 Be7 6. Be2 Nh5 7. Bg3 d6 8. c4 c5 9. e4 cxd4 10. Nxd4 Nxg3 11. hxg3 Nc6 12. Nb5 a6 13. Nc3 Bf6 14. Rc1 Rc8 15. Nf3 Ne5 16. Nxe5 Bxe5 17. Qd3 g6 18. f4 Bf6 19. f5 exf5 20. exf5 O-O 21. Bf3 Re8+ 22. Kf2 b5 23. Nd5 bxc4 24. Qd2 Bxd5 25. Bxd5 Qb6+ 26. Kf3 Qxb2 0-1


[Site "https://www.chess.com"]

[Event "Titled Tuesday Blitz June 6 Early 2023"]
[White "Yeritsyan, Hayk"]
[Black "Samaganova, Aleksandra"]
[WhiteFideId "13307320"]
[BlackFideId "13800221"]
[WhiteElo "2415"]
[BlackElo "1858"]
[Result "1-0"]
[Round "3"]
[TimeControl "180+2"]
[Date "2023.06.06"]
[WhiteClock "0:00:48"]
[BlackClock "0:00:03"]
[Board "181"]

1. Nf3 c5 2. g3 Nc6 3. Bg2 g6 4. O-O Bg7 5. c4 e6 6. Nc3 Nge7 7. e4 O-O 8. d3 h6 9. Be3 Nd4 10. Qd2 Kh7 11. Ne2 Nec6 12. Rab1 d6 13. Qd1 b6 14. Nexd4 cxd4 15. Bd2 Bb7 16. b4 Rc8 17. b5 Ne7 18. a4 d5 19. cxd5 exd5 20. e5 Re8 21. Re1 Nf5 22. h4 Rc7 23. h5 Rce7 24. hxg6+ fxg6 25. g4 Ne3 26. fxe3 dxe3 27. Bxe3 Bxe5 28. Nxe5 Rxe5 29. Bf2 Qg5 30. Rxe5 Rxe5 31. Qf3 Re7 32. Re1 Rd7 33. Bd4 Qd2 34. Re8 Qc1+ 35. Kh2 Qc7+ 36. Be5 1-0


[Site "https://www.chess.com"]

[Event "Titled Tuesday Blitz June 6 Early 2023"]
[White "Escudero Donoso, Felipe"]
[Black "Mazurkiewicz, Michal"]
[WhiteFideId "3410595"]
[BlackFideId "1124943"]
[WhiteElo "2184"]
[BlackElo "2063"]
[Result "0-1"]
[Round "3"]
[TimeControl "180+2"]
[Date "2023.06.06"]
[WhiteClock "0:00:02"]
[BlackClock "0:00:17"]
[Board "182"]

1. d4 Nf6 2. c4 e5 3. dxe5 Ng4 4. e4 Nxe5 5. f4 Nec6 6. Nc3 Bc5 7. Na4 Bd4 8. Nf3 Bf6 9. e5 Be7 10. Bd3 d6 11. O-O Bg4 12. h3 Bxf3 13. Qxf3 dxe5 14. Be4 O-O 15. fxe5 Nxe5 16. Qh5 Qd4+ 17. Kh1 Qxe4 18. Bd2 Ng6 19. Rae1 Qxc4 20. b3 Qd3 21. Bc1 Nc6 22. Rf3 Qc2 23. Rc3 Qxa2 24. Bb2 Bf6 25. Ra1 Qxa1+ 26. Bxa1 Bxc3 27. Bxc3 Rad8 28. Nc5 b6 29. Ne4 Rd3 30. Qb5 Rd1+ 31. Kh2 Nd4 32. Qh5 c5 33. Qxd1 Re8 34. Bxd4 Rxe4 35. Bf2 h6 36. Bg3 Re3 37. Qd8+ Kh7 38. Qd5 Re7 39. Bd6 Re6 40. Bg3 a5 41. h4 Ne7 42. Qd3+ g6 43. h5 Nf5 44. Qf3 Re3 0-1


[Site "https://www.chess.com"]

[Event "Titled Tuesday Blitz June 6 Early 2023"]
[White "Marcziter, Dmitrii"]
[Black "Larina, Maria"]
[WhiteFideId "13900765"]
[BlackFideId "24113182"]
[WhiteElo "2162"]
[BlackElo "1848"]
[Result "1-0"]
[Round "3"]
[TimeControl "180+2"]
[Date "2023.06.06"]
[WhiteClock "0:00:17"]
[BlackClock "0:00:02"]
[Board "183"]

1. d4 f5 2. g3 Nf6 3. Bg2 g6 4. Nh3 d6 5. c3 Bg7 6. Qb3 Nc6 7. Ng5 d5 8. h4 h6 9. Nh3 O-O 10. Nd2 e6 11. Nf3 Ne4 12. Bf4 Na5 13. Qa4 c6 14. Be5 Nc4 15. Bxg7 Kxg7 16. Qc2 Qf6 17. Nf4 Bd7 18. Nd3 b6 19. b3 Ncd6 20. Nfe5 Rad8 21. Nf4 Be8 22. h5 g5 23. Nfg6 Bxg6 24. Nxg6 Rfe8 25. e3 Nf7 26. O-O-O Nh8 27. Ne5 Nf7 28. f4 g4 29. Bxe4 dxe4 30. Kb1 Nxe5 31. fxe5 Qg5 32. Qe2 b5 33. Rde1 Rd7 34. c4 a6 35. Rd1 Rb8 36. Ka1 b4 37. Rhe1 Rbd8 38. Qd2 a5 39. a3 Qe7 40. a4 Rb8 41. Qc2 Rbd8 42. Rd2 Qg5 43. Qa2 Qxh5 44. Rh2 Qg5 45. Qe2 Rh8 46. Reh1 h5 47. Rh4 Kg6 48. Rf1 Rhh7 49. Rd1 Rhf7 50. Rh2 Rh7 51. Qf2 Rh8 52. Rdh1 Rhh7 53. Rh4 Rd8 54. Kb2 Rdh8 55. Kc2 Rd8 56. Rd1 Qe7 57. Kd2 c5 58. Ke2 cxd4 59. exd4 Qg5 60. Qe3 Qxe3+ 61. Kxe3 Kf7 62. d5 exd5 63. cxd5 Rc8 64. Kf4 Rc3 65. Kxf5 Rf3+ 66. Kxe4 Rxg3 67. Rf1+ Ke7 68. Rh2 Rxb3 69. Rc2 Kd7 70. Rf6 Re7 71. e6+ 1-0


[Site "https://www.chess.com"]

[Event "Titled Tuesday Blitz June 6 Early 2023"]
[White "Manukian, Artak"]
[Black "Nikulina, Alena"]
[WhiteFideId "13301373"]
[BlackFideId "4172051"]
[WhiteElo "2130"]
[BlackElo "1608"]
[Result "1-0"]
[Round "3"]
[TimeControl "180+2"]
[Date "2023.06.06"]
[WhiteClock "0:01:17"]
[BlackClock "0:00:05"]
[Board "184"]

1. e4 c5 2. Nf3 e6 3. c3 d5 4. e5 d4 5. cxd4 cxd4 6. Bb5+ Nc6 7. Bxc6+ bxc6 8. Qa4 Qd5 9. Qxd4 Ba6 10. Nc3 Qxd4 11. Nxd4 Kd7 12. Nb3 Nh6 13. d4 Nf5 14. Be3 Bb4 15. O-O-O f6 16. Ne4 Bc4 17. Nxf6+ gxf6 18. exf6 Rhf8 19. Bg5 a5 20. Nc5+ Kd6 21. g4 Nxd4 22. Nb7+ Kc7 23. Rxd4 Kxb7 24. Rxc4 Rad8 25. Rd1 Rd5 26. f4 h6 27. Bh4 Kb6 28. Re4 Rxd1+ 29. Kxd1 Rd8+ 30. Ke2 Rd2+ 31. Kf3 Rxb2 32. f7 Rxa2 33. Rxb4+ axb4 34. f8=Q b3 35. Qb4+ Kc7 36. Qxb3 Ra5 37. Qxe6 1-0


[Site "https://www.chess.com"]

[Event "Titled Tuesday Blitz June 6 Early 2023"]
[White "Kriti Mayur Patel"]
[Black "Matveeva, Olga"]
[WhiteFideId "35061780"]
[BlackFideId "24107018"]
[WhiteElo "1306"]
[BlackElo "2009"]
[Result "0-1"]
[Round "3"]
[TimeControl "180+2"]
[Date "2023.06.06"]
[WhiteClock "0:00:14"]
[BlackClock "0:00:06"]
[Board "185"]

1. e4 e6 2. d4 d5 3. Nc3 Nf6 4. e5 Nfd7 5. f4 c5 6. Nf3 Nc6 7. Be3 cxd4 8. Nxd4 Bc5 9. Nxc6 bxc6 10. Bxc5 Nxc5 11. Bd3 Qb6 12. b3 a5 13. Qg4 Qb4 14. Kd2 O-O 15. h4 d4 16. h5 Qxc3+ 17. Ke2 Nxd3 18. cxd3 Qc2+ 19. Ke1 Qxd3 20. h6 Qg6 21. Qf3 Ba6 22. Rh3 Qc2 23. Qg4 g6 24. Rd1 c5 25. Rd2 Qe4+ 26. Kf2 c4 27. Qg5 Qf5 28. Qh4 c3 29. Rxd4 c2 30. g4 c1=Q 31. gxf5 Qf1+ 32. Kg3 Qg1+ 33. Kf3 Bb7+ 34. Ke2 Qxd4 35. Qf6 Ba6+ 36. Kf3 Qd3+ 37. Kg4 Qe2+ 38. Kh4 Qf2+ 39. Rg3 Qh2+ 40. Rh3 Qxf4# 0-1


[Site "https://www.chess.com"]

[Event "Titled Tuesday Blitz June 6 Early 2023"]
[White "Cramling Bellon, Anna"]
[Black "Vivas Zamora, Fabian Ernesto"]
[WhiteFideId "32009232"]
[BlackFideId "3902480"]
[WhiteElo "1976"]
[BlackElo "2244"]
[Result "0-1"]
[Round "3"]
[TimeControl "180+2"]
[Date "2023.06.06"]
[WhiteClock "0:00:01"]
[BlackClock "0:00:35"]
[Board "186"]

1. d4 Nf6 2. c4 g6 3. Nc3 d5 4. cxd5 Nxd5 5. e4 Nxc3 6. bxc3 Bg7 7. Qa4+ Qd7 8. Qb3 O-O 9. Be3 b6 10. Nf3 Bb7 11. Bd3 c5 12. d5 e6 13. Rd1 exd5 14. Bb5 Qg4 15. exd5 Qxg2 16. Ke2 a6 17. h3 axb5 18. Rdg1 c4 19. Qxb5 Rxa2+ 20. Bd2 Rxd2+ 21. Nxd2 Qxd5 22. Qxd5 Bxd5 23. f3 Bxc3 24. Ne4 Bxe4 25. fxe4 b5 26. Rb1 b4 27. Rhc1 Nc6 28. Ke3 Rd8 29. Rd1 Rxd1 30. Rxd1 b3 31. Rc1 b2 32. Rb1 Kg7 33. e5 Nxe5 34. Ke4 f5+ 35. Kf4 Kf6 36. h4 h6 37. h5 g5+ 38. Kg3 Bd4 39. Kh3 c3 40. Rd1 Nc6 41. Kg3 c2 42. Rf1 c1=Q 43. Kg2 Qxf1+ 44. Kxf1 b1=Q+ 45. Kg2 Qc2+ 46. Kh1 Qe4+ 47. Kh2 Qg4 0-1


[Site "https://www.chess.com"]

[Event "Titled Tuesday Blitz June 6 Early 2023"]
[White "Tarasova, Viktoriya"]
[Black "KSho99"]
[WhiteFideId "4175840"]
[WhiteElo "2182"]
[BlackElo "2197"]
[Result "1-0"]
[Round "3"]
[TimeControl "180+2"]
[Date "2023.06.06"]
[WhiteClock "0:00:47"]
[BlackClock "0:00:10"]
[Board "187"]

1. d4 e6 2. c4 f5 3. Nc3 Nf6 4. g3 d5 5. Bg2 c6 6. Nf3 Bd6 7. O-O O-O 8. e3 Ne4 9. Ne2 dxc4 10. a4 b5 11. Qc2 Na6 12. Nd2 Nb4 13. Qb1 Bb7 14. Nxe4 fxe4 15. Bxe4 h6 16. axb5 Rb8 17. Rxa7 Qb6 18. Ra1 cxb5 19. Bd2 Nd3 20. f3 Bxe4 21. fxe4 Qb7 22. e5 Rxf1+ 23. Qxf1 Rf8 24. Nf4 Nxf4 25. gxf4 Be7 26. Qg2 Qxg2+ 27. Kxg2 Rb8 28. Ra7 Bf8 29. Rc7 Rb6 30. Kf3 Kh7 31. e4 Kg6 32. d5 exd5 33. exd5 1-0


[Site "https://www.chess.com"]

[Event "Titled Tuesday Blitz June 6 Early 2023"]
[White "Dwilewicz, Katarzyna"]
[Black "rionelG"]
[WhiteFideId "1148486"]
[WhiteElo "2098"]
[BlackElo "2196"]
[Result "0-1"]
[Round "3"]
[TimeControl "180+2"]
[Date "2023.06.06"]
[WhiteClock "0:00:15"]
[BlackClock "0:00:30"]
[Board "188"]

1. e4 c5 2. Nf3 d6 3. d4 cxd4 4. Nxd4 Nf6 5. Nc3 a6 6. h3 b5 7. g4 Bb7 8. Bg2 h6 9. Qe2 e6 10. a3 Nbd7 11. f4 Qc7 12. Be3 Rc8 13. h4 Nc5 14. Bf2 h5 15. g5 Ng4 16. f5 Nxf2 17. Qxf2 e5 18. Nb3 d5 19. exd5 Nxb3 20. cxb3 b4 21. axb4 Bxb4 22. Rh3 O-O 23. Kf1 a5 24. Rd1 Ba6+ 25. Ne2 Qc1 26. Re1 Rc2 27. Bf3 Bxe1 28. Qxe1 Qxb2 29. Bxh5 Rc1 30. Bf3 Rfc8 31. h5 Rxe1+ 32. Kxe1 Rc2 33. h6 Rxe2+ 0-1


[Site "https://www.chess.com"]

[Event "Titled Tuesday Blitz June 6 Early 2023"]
[White "Ruge, Edison"]
[Black "Lopez Del Alamo, Antonio"]
[WhiteFideId "4401000"]
[BlackFideId "2227339"]
[WhiteElo "2175"]
[BlackElo "2175"]
[Result "0-1"]
[Round "3"]
[TimeControl "180+2"]
[Date "2023.06.06"]
[WhiteClock "0:00:07"]
[BlackClock "0:01:00"]
[Board "189"]

1. e4 c5 2. Nf3 e6 3. d3 Nc6 4. Nbd2 g6 5. g3 Bg7 6. Bg2 Nge7 7. h4 h6 8. h5 g5 9. O-O d5 10. Nh2 f5 11. Re1 O-O 12. c3 fxe4 13. dxe4 d4 14. c4 Ne5 15. Nb3 b6 16. f4 gxf4 17. gxf4 Nxc4 18. e5 Nf5 19. Bxa8 Kh8 20. Be4 Rg8 21. Bxf5 exf5 22. Kf1 Ba6 23. Re2 Qh4 24. Nf3 Qh1+ 25. Ng1 Bf6 26. Rf2 Rxg1+ 27. Ke2 Rxd1 0-1


[Site "https://www.chess.com"]

[Event "Titled Tuesday Blitz June 6 Early 2023"]
[White "Xie, Bryan"]
[Black "Pinales Roussel, Gabriel"]
[WhiteFideId "30941296"]
[BlackFideId "3101762"]
[WhiteElo "2033"]
[BlackElo "2027"]
[Result "1-0"]
[Round "3"]
[TimeControl "180+2"]
[Date "2023.06.06"]
[WhiteClock "0:00:03"]
[BlackClock "0:00:04"]
[Board "190"]

1. e4 c5 2. Nf3 d6 3. d4 cxd4 4. Nxd4 Nf6 5. Nc3 Nc6 6. Bg5 e6 7. Qd2 a6 8. O-O-O Bd7 9. f4 Be7 10. Bxf6 Bxf6 11. Nf3 Be7 12. f5 exf5 13. exf5 Bxf5 14. Nd5 O-O 15. Bd3 Bxd3 16. Qxd3 Ne5 17. Qe2 Bf6 18. Kb1 Nxf3 19. Qxf3 Be5 20. h4 Rc8 21. g4 Rc5 22. g5 b5 23. Rhf1 a5 24. Qe3 Kh8 25. h5 b4 26. g6 fxg6 27. hxg6 h6 28. Rxf8+ Qxf8 29. a3 bxa3 30. Qxa3 Qe8 31. Qd3 Qb8 32. c3 Qb3 33. Rf1 Rc8 34. Qf5 Qxd5 35. Qxc8+ Qg8 36. Rf8 1-0


[Site "https://www.chess.com"]

[Event "Titled Tuesday Blitz June 6 Early 2023"]
[White "ZeGood_ZeBad_ZeUgly"]
[Black "Sargissyan, Sargis"]
[BlackFideId "13303210"]
[WhiteElo "2188"]
[BlackElo "2109"]
[Result "1-0"]
[Round "3"]
[TimeControl "180+2"]
[Date "2023.06.06"]
[WhiteClock "0:00:17"]
[BlackClock "0:00:08"]
[Board "191"]

1. Nf3 Nf6 2. g3 g6 3. Bg2 Bg7 4. O-O O-O 5. d4 c6 6. c4 d5 7. b3 dxc4 8. bxc4 c5 9. e3 Nc6 10. Bb2 Ne4 11. Nbd2 Bf5 12. Nh4 Nxd2 13. Qxd2 cxd4 14. Nxf5 gxf5 15. Bxc6 bxc6 16. exd4 c5 17. d5 Bxb2 18. Qxb2 Qd6 19. Qc2 Qf6 20. Rab1 Rab8 21. Rb3 e6 22. Rd1 Rb6 23. Rxb6 axb6 24. d6 Rd8 25. Qb3 Rb8 26. Qb5 Qd8 27. a4 Ra8 28. Qc6 Ra7 29. d7 Kf8 30. Qd6+ Kg8 31. h4 Rxa4 32. Qf4 Ra7 33. Qg5+ Qxg5 34. hxg5 1-0


[Site "https://www.chess.com"]

[Event "Titled Tuesday Blitz June 6 Early 2023"]
[White "Ciuffoletti, Paolo"]
[Black "FREDERICKtheMATE"]
[WhiteFideId "807630"]
[WhiteElo "2143"]
[BlackElo "2370"]
[Result "0-1"]
[Round "3"]
[TimeControl "180+2"]
[Date "2023.06.06"]
[WhiteClock "0:00:04"]
[BlackClock "0:01:02"]
[Board "192"]

1. e4 c6 2. d4 d5 3. exd5 cxd5 4. c4 Nf6 5. Nc3 Nc6 6. Nf3 g6 7. Qb3 dxc4 8. Bxc4 e6 9. d5 Na5 10. Bb5+ Bd7 11. Qa4 exd5 12. O-O Nc6 13. Re1+ Be7 14. Bh6 a6 15. Bxc6 Bxc6 16. Qf4 Ne4 17. Ne5 f5 18. Nxe4 dxe4 19. Nxc6 bxc6 20. Qe5 Kf7 21. Rad1 Bf6 22. Qc5 Qc8 23. Qc4+ Qe6 24. Rd7+ Be7 25. Qd4 Rhd8 26. Qg7+ Ke8 27. Rxd8+ Rxd8 28. Qxh7 Kd7 29. h4 Kc8 30. Rc1 Qf6 31. Bg5 Rh8 0-1


[Site "https://www.chess.com"]

[Event "Titled Tuesday Blitz June 6 Early 2023"]
[White "Araujo Filho, Luiz Antonio Coel"]
[Black "Korpics, Zsolt"]
[WhiteFideId "2130661"]
[BlackFideId "705241"]
[WhiteElo "2056"]
[BlackElo "2365"]
[Result "1-0"]
[Round "3"]
[TimeControl "180+2"]
[Date "2023.06.06"]
[WhiteClock "0:00:02"]
[BlackClock "0:00:01"]
[Board "193"]

1. d4 Nf6 2. Nf3 e6 3. e3 c5 4. Bd3 b6 5. Nbd2 Bb7 6. Qe2 d5 7. c3 Nbd7 8. O-O Bd6 9. e4 dxe4 10. Nxe4 Nxe4 11. Bxe4 Bxe4 12. Qxe4 O-O 13. Rd1 Nf6 14. Qe2 Qc7 15. Bg5 Nd5 16. Rac1 Rfe8 17. h3 f6 18. Bd2 Bf4 19. Bxf4 Nxf4 20. Qe3 Rad8 21. dxc5 bxc5 22. Rxd8 Rxd8 23. Re1 e5 24. Qe4 c4 25. Re2 Nxe2+ 26. Qxe2 Qc5 27. Qe4 Qd5 28. Qe3 Rd7 29. Nh4 e4 30. g3 f5 31. Ng2 Qd1+ 32. Kh2 Qd5 33. Nf4 Qc6 34. h4 g6 35. Nh3 Kg7 36. Ng5 h6 37. Nh3 Qd6 38. Nf4 Qd2 39. Qc5 Qxb2 40. Qe5+ Kh7 41. Kg2 Qb6 42. Ne6 Qd6 43. Qf6 Kg8 44. Qxg6+ Kh8 45. Qxh6+ Kg8 46. Qg6+ Kh8 47. Qe8+ Kh7 48. Nf8+ Kh6 49. Nxd7 e3 50. Qd8 Qd5+ 51. Kh2 exf2 52. Qg5+ Kh7 53. Nf6+ Kh8 54. Qh6# 1-0


[Site "https://www.chess.com"]

[Event "Titled Tuesday Blitz June 6 Early 2023"]
[White "Alahakoon, Isuru"]
[Black "campochess"]
[WhiteFideId "9900993"]
[WhiteElo "1819"]
[BlackElo "2141"]
[Result "1-0"]
[Round "3"]
[TimeControl "180+2"]
[Date "2023.06.06"]
[WhiteClock "0:00:18"]
[BlackClock "0:00:30"]
[Board "194"]

1. Nf3 c5 2. c3 d5 3. d4 cxd4 4. cxd4 Nf6 5. Nc3 g6 6. Bf4 a6 7. e3 Bg7 8. Be2 O-O 9. O-O Nc6 10. h3 Bf5 11. Rc1 Ne4 12. Nxe4 Bxe4 13. Nd2 Bf5 14. Nb3 e5 15. dxe5 Nxe5 16. Nd4 Bd7 17. Qb3 Nc4 18. Qxb7 Bb5 19. a4 Be8 20. b3 Ne5 21. Bxa6 Rxa6 22. Qxa6 Bd7 23. Bxe5 Bxe5 24. Nc6 Bxc6 25. Qxc6 d4 26. Rfd1 Qb8 27. exd4 Bf4 28. Rc3 Qb4 29. Qc4 Qe7 30. d5 Bd6 31. Re3 Qf6 32. Rde1 h5 33. Re8 Rxe8 34. Rxe8+ Kg7 35. Re1 Qf5 36. Qd4+ Kh7 37. a5 Qc8 38. Qb6 Bc5 39. Qc6 Qf8 40. Re8 Qd6 41. Qxd6 Bxd6 42. Rd8 1-0


[Site "https://www.chess.com"]

[Event "Titled Tuesday Blitz June 6 Early 2023"]
[White "Francisco_Ferrari"]
[Black "Manon-og, Ramon Jr."]
[BlackFideId "5200776"]
[WhiteElo "2140"]
[BlackElo "2358"]
[Result "0-1"]
[Round "3"]
[TimeControl "180+2"]
[Date "2023.06.06"]
[WhiteClock "0:00:16"]
[BlackClock "0:01:14"]
[Board "195"]

1. c4 Nf6 2. Nc3 g6 3. g3 Bg7 4. Bg2 O-O 5. e4 d6 6. Nge2 Nc6 7. O-O e5 8. d3 Bg4 9. h3 Be6 10. Be3 Qd7 11. Kh2 a6 12. Qd2 Rab8 13. a4 Na5 14. Qd1 Nc6 15. Qd2 Nb4 16. Nd5 Bxd5 17. cxd5 c5 18. dxc6 bxc6 19. d4 exd4 20. Nxd4 c5 21. Ne2 Qe6 22. Nc3 Rfd8 23. Rfe1 Qb3 24. Rad1 Nc2 25. e5 Ne8 26. Bd5 c4 27. e6 fxe6 28. Bxe6+ Kh8 29. Bxc4 Nxe1 30. Bxb3 Nf3+ 0-1


[Site "https://www.chess.com"]

[Event "Titled Tuesday Blitz June 6 Early 2023"]
[White "Flis, Pawel"]
[Black "Tosic, Srecko"]
[WhiteFideId "1112864"]
[BlackFideId "924563"]
[WhiteElo "1822"]
[BlackElo "2253"]
[Result "0-1"]
[Round "3"]
[TimeControl "180+2"]
[Date "2023.06.06"]
[WhiteClock "0:00:15"]
[BlackClock "0:00:57"]
[Board "196"]

1. e4 e6 2. d4 d5 3. Nc3 Bb4 4. e5 c5 5. a3 Bxc3+ 6. bxc3 Qa5 7. Qd2 c4 8. Ne2 Ne7 9. h4 h5 10. Nf4 Nbc6 11. Be2 g6 12. O-O Nf5 13. g3 Bd7 14. a4 O-O-O 15. Ba3 Nfxd4 16. Qe3 Nxc2 17. Qc1 Nxa1 18. Qxa1 Nxe5 19. Bd6 Nc6 20. Rb1 a6 21. Qb2 b6 22. Qxb6 Qxb6 23. Rxb6 Be8 24. Bc5 Kc7 25. Rxa6 Rb8 26. Nh3 Bd7 27. Ng5 Bc8 28. Nxf7 Bxa6 29. Nxh8 Rxh8 30. Kg2 e5 31. f3 d4 32. cxd4 exd4 33. g4 hxg4 34. fxg4 d3 35. Bd1 c3 36. Be3 Re8 37. Bf4+ Kb6 38. h5 gxh5 39. gxh5 c2 40. Bf3 Nd4 41. a5+ Kxa5 42. Bc7+ Kb5 43. Be4 Rxe4 44. h6 Rh4 45. Kg3 Rxh6 46. Bf4 Ne2+ 47. Kg4 Nxf4 48. Kxf4 c1=Q+ 0-1


[Site "https://www.chess.com"]